 Dungeon Crawl Stone Soup version 0.26-a0-663-g36e8fdb655 (webtiles) character file.

Game seed: 5214821560907394812

36 heikuro the Skirmisher (level 3, 0/29 HPs)
             Began as a Formicid Abyssal Knight on Oct 11, 2020.
             Was a Follower of Lugonu.
             Slain by a jackal (1 damage)
             ... on level 4 of the Dungeon.
             The game lasted 00:01:46 (1321 turns).

heikuro the Skirmisher (Formicid Abyssal Knight)    Turns: 1321, Time: 00:01:46

Health: 0/29       AC:  3    Str: 17    XL:     3   Next: 57%
Magic:  4/4        EV: 11    Int: 11    God:    Lugonu [*.....]
Gold:   18         SH:  0    Dex: 10    Spells: 2/2 levels left

rFire    . . .     SeeInvis +   a - +1 spear
rCold    . . .     Faith    .   (no shield)
rNeg     . . .     Spirit   .   b - +0 leather armour
rPois    .         Reflect  .   (helmet unavailable)
rElec    .         Harm     .   (no cloak)
rCorr    .         Rampage  .   (no gloves)
MR       .....                  (no boots)
Stlth    +.........             (no amulet)
HPRegen  0.09/turn              (no ring)
MPRegen  0.09/turn              (no ring)

@: no status effects
A: permanent stasis, dig shafts and tunnels, four strong arms, antennae 3
a: Dig, Shaft Self, Depart the Abyss, Renounce Religion


You were on level 4 of the Dungeon.
You worshipped Lugonu.
Lugonu was aware of your devotion.
You visited 1 branch of the dungeon, and saw 3 of its levels.
You visited the Abyss 1 time.

You collected 18 gold pieces.

Inventory:

Hand Weapons
 a - a +1 spear (weapon)
 d - a cursed -1 hunting sling
Missiles
 i - 44 stones (quivered)
Armour
 b - a +0 leather armour (worn)
Jewellery
 f - an uncursed ring of positive energy {unknown}
Scrolls
 c - a scroll of blinking {unknown}
 e - a scroll of identify {unknown}
 g - a scroll of fear {unknown}
 h - a scroll of teleportation {unknown}
 j - a scroll of magic mapping {unknown}
Potions
 k - a potion of mutation {unknown}


   Skills:
 + Level 3.5 Fighting
 * Level 2.6 Polearms
 + Level 0.7 Slings
 + Level 2.6 Armour
 - Level 1.0 Dodging
 + Level 2.6 Invocations


You had 2 spell levels left.
You didn't know any spells.
Your spell library was empty.

Dungeon Overview and Level Annotations

Branches:
Dungeon (2/15)

Altars:
Yredelemnul


Innate Abilities, Weirdness & Mutations

You cannot be hasted, slowed, berserked, paralysed or teleported.
You can dig through walls and to a lower floor.
Your four strong arms can wield two-handed weapons with a shield.
You have a pair of large antennae on your head. (SInv)


Message History

You dig through the rock wall.
A jackal comes into view.
The jackal barks!
You hear a bark!
A jackal comes into view.
The leopard gecko hisses menacingly.
Found a scroll labeled YTWEAR GELI.
You dig through the rock wall.
The jackal misses you.
You dig through the rock wall.
You retract your mandibles.
The jackal closely misses you. x2
The jackal bites you.
* * * LOW HITPOINT WARNING * * *
Number of times to repeat, then command key: You must enter the number of times for the command to repeat.
Okay, then.
Are you sure you want to shaft yourself?
There are monsters nearby!
Unknown command.
Are you sure you want to shaft yourself?
The jackal misses you. The jackal bites you.
You die...

#....#.........##
#... ##...#...##
#.. #######.#{ ..
#'# . ##.#
####{h# ##.#.#.#
####h#l##.#
#..@h.###h#
#...O.# #.#
#.....# #h#
#?........#
{#####...###
#...# ..... .....


You could see an ogre, a leopard gecko and 2 jackals.

Vanquished Creatures
  A dart slug (D:1)
  3 leopard geckos (D:1)
  4 giant cockroaches
  2 goblins (D:1)
  5 hobgoblins
  A quokka (D:2)
  3 bats
  2 frilled lizards (D:1)
  5 kobolds (D:1)
  2 rats
28 creatures vanquished.

Notes
Turn   | Place    | Note
-------+----------+-------------------------------------------
     0 | Abyss:1  | heikuro the Formicid Abyssal Knight began the quest for the
                  | Orb.
     0 | Abyss:1  | Reached XP level 1. HP: 18/18 MP: 2/2
    39 | Abyss:1  | Noticed a tentacled starspawn
    40 | D:1      | Escaped the Abyss
   164 | D:1      | Reached skill level 1 in Dodging
   165 | D:1      | Reached XP level 2. HP: 17/24 MP: 3/3
   615 | D:1      | Reached * piety under Lugonu
   785 | D:1      | Reached XP level 3. HP: 27/29 MP: 4/4
  1304 | D:2      | You fall into a shaft and drop 2 floors!
  1305 | D:4      | Noticed an ogre
  1305 | D:4      | Found a basalt altar of Yredelemnul.
  1320 | D:4      | HP: 1/29 [jackal (1)]
  1321 | D:4      | Slain by a jackal

Illustrated notes

Levels and vault maps discovered:
D:1:      tarquinn_simple_flora_water_e, layout_basic, bh_walls_and_bars
D:2:      layout_basic
D:4:      layout_basic, marbit_many_paths, old_standard_altar,
          kennysheep_mini_moat, minmay_temple_entry_antechambers,
          serial_bayou_ford_a, kennysheep_small_circle

Skill      XL: |  1 |
---------------+----+-----
Dodging        | 1 |  1.0
Fighting       | |  3.5
Polearms       | |  2.6
Slings         | |  0.7
Armour         | |  2.6
Invocations    | |  2.6

Action                   || total
-------------------------++-------
Melee: Spear             ||   107
Invok: Depart the Abyss  ||     1
 Abil: Dig               ||     2
       Shaft Self        ||     1
 Stab: Sleeping          ||     1
Armor: Leather armour    ||    26
Dodge: Dodged            ||    47

Table legend: (Time is in decaauts)
 A = Elapsed time spent in this place.
 B = Non-inter-level travel time spent in this place.
 C = Inter-level travel time spent in this place.
 D = Time resting spent in this place.
 E = Time spent auto-exploring this place.
 F = Levels seen in this place.
 G = Mean time per level.
                   A        B        C        D        E       F      G
               +--------+--------+--------+--------+--------+-----+--------+
         Total |   1320 |   1234 |     86 |     96 |    925 |   4 |  330.0 |
       Dungeon |   1280 |   1194 |     86 |     96 |    888 |   3 |  426.7 |
         Abyss |     40 |     40 |      0 |      0 |     37 |   1 |   40.0 |
               +--------+--------+--------+--------+--------+-----+--------+

Top non-repeatable levels by time:
     D:1: 1137 daAuts
     D:2: 124 daAuts
 Abyss:1: 40 daAuts
     D:4: 17 daAuts
